 Dungeon Crawl Stone Soup version 0.22-a0-135-g6f012ad (webtiles) character file.

256 theanonym the Chopper (level 5, 0/43 HPs)
             Began as a Mummy Berserker on Feb 1, 2018.
             Was a Believer of Trog.
             Slain by a leopard gecko (4 damage)
             ... on level 4 of the Dungeon.
             The game lasted 00:07:06 (3628 turns).

theanonym the Chopper (Mummy Berserker)             Turns: 3628, Time: 00:07:06

Health: 0/43       AC:  5    Str: 22    XL:     5   Next: 92%
Magic:  0/5        EV: 11    Int:  6    God:    Trog [**....]
Gold:   130        SH:  0    Dex: 11    Spells: 4/4 levels left

rFire    x . .     SeeInvis .   a - +0 hand axe
rCold    + . .     Gourm    .   (no shield)
rNeg     + + +     Faith    .   j - +0 ring mail {7}
rPois    ∞         Spirit   +   (no helmet)
rElec    .         Reflect  .   i - scarf {Spirit}
rCorr    .         Harm     .   (no gloves)
MR       ++...                  (no boots)
Stlth    +.........             (no amulet)
HPRegen  1.14/turn              (no ring)
MPRegen  0.09/turn              (no ring)

@: regenerating
A: no food or potions, fire vulnerability, cold resistance 1, negative energy
resistance 3, torment resistance, unbreathing
a: Trog's Hand, Burn Spellbooks, Renounce Religion


Innate Abilities, Weirdness & Mutations

You do not eat or drink.
Your flesh is vulnerable to fire.
You are immune to poison.
Your flesh is cold resistant. (rC+)
You are immune to negative energy. (rN+++)
You are immune to unholy pain and torment.
You can survive without breathing.


   Skills:
 + Level 4.5 Fighting
 * Level 4.7 Axes
 - Level 1.5 Armour
 - Level 1.5 Dodging


You had 4 spell levels left.
You didn't know any spells.

Skill      XL: |  1  2  3  4 |
---------------+-------------+-----
Axes           | 3 4 |  4.7
Fighting       | 4 |  4.5
Armour         | |  1.5
Dodging        | |  1.5

Action                   |  1- 3 |  4- 6 || total
-------------------------+-------+-------++-------
Melee: Hand axe          |   128 |   115 ||   243
Invok: Trog's Hand       |     1 |     1 ||     2
 Stab: Sleeping          |     1 |       ||     1
Armor: Animal skin       |    14 |       ||    14
       Leather armour    |     9 |     1 ||    10
       Chain mail        |       |    43 ||    43
       Ring mail         |       |    15 ||    15
Dodge: Dodged            |    89 |    65 ||   154

Inventory:

Hand Weapons
 a - a +0 hand axe (weapon)
Armour
 b - a +0 animal skin {0}
 d - a +0 leather armour {4}
   (You found it on level 1 of the Dungeon)
 e - a +0 chain mail {15}
   (You took it off a goblin on level 2 of the Dungeon)
 i - a scarf of spirit shield (worn)
   (You found it on level 3 of the Dungeon)
 j - a +0 ring mail (worn) {7}
   (You found it on level 3 of the Dungeon)
Scrolls
 c - 2 scrolls of immolation {unknown}
 f - a scroll of blinking {unknown}
 g - a scroll of teleportation {unknown}
 h - a scroll of enchant armour {unknown}


You were on level 4 of the Dungeon.
You worshipped Trog.
Trog was pleased with you.
You were not hungry.

You visited 1 branch of the dungeon, and saw 4 of its levels.

You collected 130 gold pieces.

Dungeon Overview and Level Annotations

Branches:
Dungeon (4/15)
 Temple: D:4-7

Altars:
Fedhas
Kikubaaqudgha
Makhleb
Okawaru
Trog
Vehumet

.................#
..........>.....#
................#
#######
............!..##
###......
#...........)..#
###........
#..........##.##
##..........
##.......#####.##
#........... #......##
#..#####............
##...###
##.@l...#...........
#####
#..oo...............
#...o.........o.......
#...................####
................o..##
................... #
................... #
#.................. #
....... #


You could see 2 orc wizards, an orc and a leopard gecko.

Notes
Turn   | Place    | Note
-------+----------+-------------------------------------------
     0 | D:1      | theanonym the Mummy Berserker began the quest for the Orb.
     0 | D:1      | Reached XP level 1. HP: 18/18 MP: 1/1
   242 | D:1      | Reached XP level 2. HP: 18/24 MP: 2/2
   641 | D:1      | HP: 10/24 [hobgoblin (3)]
   643 | D:1      | Reached skill level 3 in Axes
   646 | D:1      | HP: 10/24 [bat (1)]
   654 | D:1      | HP: 8/24 [bat (1)]
  1048 | D:1      | Reached ** piety under Trog
  1276 | D:2      | Reached XP level 3. HP: 21/29 MP: 3/3
  1688 | D:2      | HP: 14/30 [jackal (3)]
  1689 | D:2      | Reached XP level 4. HP: 17/37 MP: 4/4
  1693 | D:2      | HP: 9/37 [goblin (2)]
  2310 | D:2      | Found an iron altar of Okawaru.
  2317 | D:2      | Found a bloodstained altar of Trog.
  2384 | D:3      | Found a radiant altar of Vehumet.
  2384 | D:3      | Found a burning altar of Makhleb.
  2390 | D:3      | Reached skill level 4 in Axes
  2611 | D:3      | Reached skill level 4 in Fighting
  2618 | D:3      | Reached XP level 5. HP: 29/42 MP: 5/5
  2741 | D:3      | Found a blossoming altar of Fedhas.
  3162 | D:3      | Found an ancient bone altar of Kikubaaqudgha.
  3626 | D:4      | HP: 16/43 [orc wizard/magic dart (7)]
  3628 | D:4      | HP: 4/43 [orc wizard/magic dart (7)]
  3628 | D:4      | Slain by a leopard gecko

Vanquished Creatures
  A crimson imp (D:3)
  An orc priest (D:4)
  A hound (D:3)
  2 worker ants
  A howler monkey zombie (D:4)
  4 adders
  2 worms (D:2)
  2 leopard geckos (D:4)
  An orc (D:4)
  4 giant cockroaches
  9 goblins
  7 hobgoblins
  6 jackals
  A quokka (D:2)
  6 bats
  A frilled lizard (D:2)
  8 kobolds
  A leopard gecko skeleton (D:4)
  5 rats
63 creatures vanquished.

Table legend:
 A = Turns spent in this place as a percentage of turns spent in the entire game.
 B = Non-inter-level travel turns spent in this place as a percentage of non-inter-level travel turns spent in the entire game.
 C = Inter-level travel turns spent in this place as a percentage of turns spent in this place.
 D = Turns resting spent in this place as a percentage of non-inter-level travel turns spent in this place.
 E = Turns spent auto-exploring this place as a percentage of non-inter-level travel turns spent in this place.
 F = Non-inter-level travel turns spent in this place divided by the number of levels of this place that you've seen.
                   A       B       C       D       E      F
               +-------+-------+-------+-------+-------+----------------------
         Total | 100.0 | 100.0 |   4.6 |  30.3 |  54.8 | 865.2
       Dungeon | 100.0 | 100.0 |   4.6 |  30.3 |  54.8 | 865.2
               +-------+-------+-------+-------+-------+----------------------
